 Dungeon Crawl Stone Soup version 0.27-a0-1065-ge809cff456 (webtiles) character file.

Game seed: 10926498327619575117

23 Lemonice the Skirmisher (level 2, -2/25 HPs)
             Began as a Palentonga Fighter on Apr 22, 2021.
             Slain by a hobgoblin (4 damage)
             ... on level 1 of the Dungeon.
             The game lasted 00:01:10 (374 turns).

Lemonice the Skirmisher (Palentonga Fighter)         Turns: 374, Time: 00:01:11

Health: -2/25      AC:  6    Str: 19    XL:     2   Next: 75%
Magic:  2/2        EV:  5    Int:  8    God:
Gold:   0          SH:  8    Dex:  9    Spells: 1/1 levels left

rFire    . . .     SeeInvis +   a - +0 long sword
rCold    . . .     Faith    .   c - +0 kite shield
rNeg     . . .     Spirit   .   b - +0 scale mail
rPois    .         Reflect  .   (no helmet)
rElec    .         Harm     .   (no cloak)
rCorr    .         Rampage  .   (no gloves)
Will     .....                  (no barding)
Stlth    ..........             (no amulet)
HPRegen  0.08/turn              (no ring)
MPRegen  0.08/turn              (no ring)

@: no status effects
A: large, rugged brown scales 3, see invisible, deformed body, roll 1, armoured
tail
a: Rolling Charge


You were on level 1 of the Dungeon.
You visited 1 branch of the dungeon, and saw 1 of its levels.

Inventory:

Hand Weapons
 a - a +0 long sword (weapon)
Armour
 b - a +0 scale mail (worn)
 c - a +0 kite shield (worn)
Jewellery
 g - a +6 ring of strength
Potions
 d - a potion of might
 e - a potion of degeneration {unknown}
 f - a potion of invisibility {unknown}


   Skills:
 + Level 3.3 Fighting
 + Level 2.2 Long Blades
 + Level 2.7 Armour
 + Level 2.7 Shields


You had one spell level left.
You didn't know any spells.
Your spell library contained the following spells:

 Spells                   Type           Power      Damage    Failure   Level
 Corona                   Hex            0%         N/A       99%         1
 Ensorcelled Hibernation  Hex/Ice        0%         N/A       100%        2
 Confusing Touch          Hex            0%         N/A       100%        3
 Dazzling Flash           Conj/Hex       0%         N/A       100%        3
 Tukima's Dance           Hex            0%         N/A       100%        3


Dungeon Overview and Level Annotations

Branches:
Dungeon (1/15)

Altars:


Innate Abilities, Weirdness & Mutations

You are completely covered in rugged brown scales. (AC +3, +7% HP)
You have supernaturally acute eyesight. (SInv)
Armour fits poorly on your strangely shaped body.
You can roll at nearby foes to attack.
You have a long armoured tail.


Message History

The hobgoblin shouts!
You slash the ball python!
You kill the ball python!
You see here a ball python corpse.
You slash the hobgoblin!
You kill the hobgoblin!
You block the kobold's attack.
You closely miss the kobold.
The kobold hits you with a +0 whip of flaming.
The kobold burns you.
You hit the kobold.
The kobold is moderately wounded.
You block the kobold's attack.
The kobold hits you with a +0 whip of flaming.
The kobold burns you.
You hit the kobold but do no damage.
The kobold is moderately wounded.
The dart slug closely misses you. The kobold hits you but does no damage.
You slash the dart slug!
You kill the dart slug!
The kobold barely misses you. The kobold hits you but does no damage.
A hobgoblin comes into view.
The hobgoblin shouts!
The kobold hits you with a +0 whip of flaming.
The kobold burns you.
A hobgoblin comes into view.
The kobold hits you with a +0 whip of flaming.
The kobold burns you.
* * * LOW HITPOINT WARNING * * *
You see here 9 gold pieces.
You closely miss the kobold.
The kobold is moderately wounded.
The hobgoblin shouts!
The hobgoblin hits you but does no damage.
The kobold hits you with a +0 whip of flaming.
* * * LOW HITPOINT WARNING * * *
The kobold burns you.
* * * LOW HITPOINT WARNING * * *
The hobgoblin hits you.
You die...

#... ## #... .##
.... #..# ... .#.#
####.###...
....g#..# #.
#.g.## #..##$@.#
## ####..#K.#...#
. .......†###.## #
.###.##.....# # #
#.###.# # # #.#
### #.##.## . #.#
#.....# .. #.#
..#.######..#.####


You could see 2 hobgoblins and a kobold.

Vanquished Creatures
  A dart slug (D:1)
  An endoplasm (D:1)
  2 giant cockroaches (D:1)
  2 goblins (D:1)
  2 hobgoblins (D:1)
  3 jackals (D:1)
  4 ball pythons (D:1)
  4 frilled lizards (D:1)
  A kobold (D:1)
20 creatures vanquished.

Notes
Turn   | Place    | Note
-------+----------+-------------------------------------------
     0 | D:1      | Lemonice the Palentonga Fighter began the quest for the
                  | Orb.
     0 | D:1      | Reached XP level 1. HP: 19/19 MP: 1/1
   138 | D:1      | Found a faded altar of an unknown god.
   168 | D:1      | Reached XP level 2. HP: 24/25 MP: 2/2
   374 | D:1      | Slain by a hobgoblin

Illustrated notes

Levels and vault maps discovered:
D:1:      dpeg_chamrin_arrival_tetris, layout_basic, basic_ecumenical_altar,
          serial_corexii_hall, chequers_hall_statues_corner_a,
          corexii_hall_statues_i, minmay_tetromino_t4

Action                   || total
-------------------------++-------
Melee: Long sword        ||    60
       Tailslap          ||     3
Armor: Scale mail        ||    41
Dodge: Dodged            ||    13
Block: Kite shield       ||    39
       Rpst.: Long sword ||     3

Table legend: (Time is in decaauts)
 A = Elapsed time spent in this place.
 B = Non-inter-level travel time spent in this place.
 C = Inter-level travel time spent in this place.
 D = Time resting spent in this place.
 E = Time spent auto-exploring this place.
 F = Levels seen in this place.
 G = Mean time per level.
                   A        B        C        D        E       F      G
               +--------+--------+--------+--------+--------+-----+--------+
         Total |    404 |    404 |      0 |      0 |    251 |   1 |  404.0 |
       Dungeon |    404 |    404 |      0 |      0 |    251 |   1 |  404.0 |
               +--------+--------+--------+--------+--------+-----+--------+

Top non-repeatable levels by time:
     D:1: 404 daAuts
